 Dungeon Crawl Stone Soup version 0.17.0-23-g0de4337 (console) character file.

729 gw the Chopper (level 7, -4/61 HPs)
             Began as a Hill Orc Fighter on Nov 14, 2015.
             Was an Initiate of Qazlal.
             Killed from afar by Sigmund (10 damage)
             ... with a puff of flame
             ... on level 5 of the Dungeon.
             The game lasted 00:07:44 (5652 turns).

gw the Chopper (Hill Orc Fighter)                   Turns: 5652, Time: 00:07:44

Health: -4/61      AC: 10    Str: 19    XL:     7   Next: 73%
Magic:  8/8        EV:  5    Int:  8    God:    Qazlal [......]
Gold:   253        SH: 10    Dex: 12    Spells: 0 memorised, 6 levels left

rFire  . . .     SeeInvis .     b - +0 war axe
rCold  + . .     Clarity  .     g - +0 chain mail
rNeg   + . .     SustAt   .     c - +1 shield
rPois  +         Gourm    .     k - +0 helmet
rElec  .         Spirit   .     n - +1 cloak
rCorr  .         Warding  +     (no gloves)
rMut   .         Stasis   .     q - +0 pair of boots
MR     .....                    s - amulet of warding
Stlth  ..........               j - ring of protection from cold
                                f - ring of poison resistance

@: not resistant to hostile enchantments, extremely unstealthy
A: deformed body, sense surroundings 1, MP-powered wands
a: Renounce Religion


You were on level 5 of the Dungeon.
You worshipped Qazlal.
Qazlal was noncommittal.
You were hungry.

You visited 1 branch of the dungeon, and saw 5 of its levels.

You collected 253 gold pieces.

Inventory:

Hand Weapons
 b - a +0 war axe (weapon)
Missiles
 i - 354 stones (quivered)
Armour
 c - a +1 shield (worn)
 g - a +0 chain mail (worn)
 k - a +0 helmet (worn)
 n - a +1 cloak (worn)
 q - a +0 pair of boots (worn)
Jewellery
 f - a ring of poison resistance (left hand)
 j - a ring of protection from cold (right hand)
 s - an amulet of warding (around neck)
Scrolls
 m - 2 scrolls of identify
Potions
 h - 4 potions of curing
 p - a potion of resistance
Comestibles
 a - a chunk of flesh
 d - 3 beef jerkies
 e - 5 bread rations


   Skills:
 + Level 5.3 Fighting
 + Level 5.9 Axes
 + Level 3.2 Throwing
 + Level 4.9 Armour
 + Level 4.7 Shields
 * Level 2.5 Invocations


You had 6 spell levels left.
You didn't know any spells.

Dungeon Overview and Level Annotations

Branches:
Dungeon (5/15)
 Temple: D:4-7

Altars:
Elyvilon
Qazlal
Ru

Annotations:
D:5 Prince Ribbit, Sigmund


Innate Abilities, Weirdness & Mutations

Armour fits poorly on your strangely shaped body.
You passively map a small area around you.
You expend magic power (3 MP) to strengthen your wands.


Message History

Sigmund breathes a few words.
Sigmund's hands start flickering wildly.
Sigmund hits you with a scythe!
ATTACK MOVE TO (0,-1)
You slash Sigmund!
Sigmund is severely wounded.
Sigmund drinks a potion.
Sigmund is healed!
ATTACK MOVE TO (0,-1)
You closely miss Sigmund.
Sigmund is moderately wounded.
You are feeling hungry.
Sigmund hits you with a scythe!
ATTACK MOVE TO (-1,-1) Prince Ribbit momentarily phases out as your attack passes through him.
You barely miss Sigmund.
Sigmund is moderately wounded.
Prince Ribbit hits you! Sigmund casts a spell at you.
The puff of flame hits you!
You die...

* #.# * , #.# **#.#
..# **#.# #.## *
##.## #.##
######F@.# * #.#
.......o.# , ...
######...# ** **#.#
##.## #.# #)# #.##
#.#############...
**
#...=##..<%.......
, ,*
#.....#.#########.
** , *#.....#.#
#####. *
##.....#.#####.....


You could see Prince Ribbit and Sigmund.

Table legend:
 A = Turns spent in this place as a percentage of turns spent in the entire game.
 B = Non-inter-level travel turns spent in this place as a percentage of non-inter-level travel turns spent in the entire game.
 C = Inter-level travel turns spent in this place as a percentage of turns spent in this place.
 D = Turns resting spent in this place as a percentage of non-inter-level travel turns spent in this place.
 E = Turns spent auto-exploring this place as a percentage of non-inter-level travel turns spent in this place.
 F = Non-inter-level travel turns spent in this place divided by the number of levels of this place that you've seen.
                   A       B       C       D       E      F
               +-------+-------+-------+-------+-------+----------------------
         Total | 100.0 | 100.0 |   0.4 |   1.1 |   2.3 | 1775.4
       Dungeon | 100.0 | 100.0 |   0.4 |   1.1 |   2.3 | 1775.4
               +-------+-------+-------+-------+-------+----------------------

Table legend:
 A = Kills in this place as a percentage of kills in entire the game.
 B = Kills by you in this place as a percentage of kills by you in the entire game.
 C = Kills by friends in this place as a percentage of kills by friends in the entire game.
 D = Other kills in this place as a percentage of other kills in the entire game.
 E = Experience gained in this place as a percentage of experience gained in the entire game.
 F = Experience gained in this place divided by the number of levels of this place that you have seen.
                   A       B       C       D       E      F
               +-------+-------+-------+-------+-------+----------------------
         Total | 100.0 | 100.0 |  -nan |  -nan | 100.0 | 208.4
       Dungeon | 100.0 | 100.0 |  -nan |  -nan | 100.0 | 208.4
               +-------+-------+-------+-------+-------+----------------------

Vanquished Creatures
  Eustachio (D:4)
  An orc warrior (D:3)
  A phantom (D:4)
  An orc wizard (D:3)
  Natasha (thrice) (D:4)
  5 worker ants
  Robin (D:3)
  10 adders
  3 oozes
  7 worms
  5 giant geckos
  4 orcs
  16 goblins
  10 hobgoblins
  6 jackals
  3 quokkas (D:3)
  A ball python (D:3)
  10 bats
  3 giant cockroaches
  6 giant newts
  9 kobolds
  7 rats
113 creatures vanquished.

Notes
Turn   | Place    | Note
--------------------------------------------------------------
     0 | D:1      | gw the Hill Orc Fighter began the quest for the Orb.
     0 | D:1      | Reached XP level 1. HP: 19/19 MP: 1/1
   155 | D:1      | Reached XP level 2. HP: 15/26 MP: 2/2
   877 | D:2      | Reached XP level 3. HP: 33/33 MP: 3/3
  1284 | D:2      | Found a faded altar to an unknown god.
  1575 | D:2      | Reached skill level 4 in Fighting
  1575 | D:2      | Reached skill level 1 in Throwing
  1575 | D:2      | Reached XP level 4. HP: 36/40 MP: 4/4
  2315 | D:2      | Found a white marble altar of Elyvilon.
  2672 | D:3      | Noticed an orc warrior
  2673 | D:3      | Reached XP level 5. HP: 45/47 MP: 5/5
  2680 | D:3      | Killed an orc warrior
  2680 | D:3      | Reached skill level 5 in Axes
  2680 | D:3      | Reached XP level 6. HP: 23/53 MP: 6/6
  3549 | D:3      | Noticed Robin
  3560 | D:3      | Killed Robin
  4221 | D:3      | Gained mutation: You expend magic power (3 MP) to strengthen your wands. [potion of mutation]
  4221 | D:3      | Gained mutation: You passively map a small area around you. [potion of mutation]
  4221 | D:3      | Gained mutation: Armour fits poorly on your strangely shaped body. [potion of mutation]
  4281 | D:4      | Found a stormy altar of Qazlal.
  4292 | D:4      | Became a worshipper of Qazlal Stormbringer
  4469 | D:4      | Found a sacrificial altar of Ru.
  4667 | D:4      | Noticed Natasha
  4676 | D:4      | Killed Natasha
  4811 | D:4      | Noticed Natasha
  4819 | D:4      | Killed Natasha
  4819 | D:4      | Reached XP level 7. HP: 46/60 MP: 7/7
  5045 | D:4      | Reached skill level 1 in Invocations
  5149 | D:4      | Reached skill level 5 in Fighting
  5327 | D:4      | Noticed Eustachio
  5340 | D:4      | Killed Eustachio
  5413 | D:4      | Noticed Natasha
  5418 | D:4      | Killed Natasha
  5525 | D:5      | Entered Level 5 of the Dungeon
  5641 | D:5      | Noticed Sigmund
  5643 | D:5      | Noticed Prince Ribbit
  5652 | D:5      | Killed from afar by Sigmund

Action                   |  1- 3 |  4- 6 |  7- 9 || total
-------------------------+-------+-------+-------++-------
Melee: War axe           |    83 |   226 |    69 ||   378
       Hand axe          |       |       |     3 ||     3
Throw: Stone             |    46 |   111 |    60 ||   217
       Tomahawk          |       |    11 |       ||    11
 Abil: Evoke Berserk Rag |       |     1 |       ||     1
  Use: Potion            |     1 |     6 |     2 ||     9
       Scroll            |     4 |     6 |     1 ||    11
  Eat: Chunk             |     2 |    11 |     3 ||    16

Vault maps used:
D:1:      sevenhm_arrival_forest_fort_large_4, roderic_serpentine_path
D:2:      kennysheep_six_static_rooms, nicolae_overflow_hidden_temple,
          ecumenical_altar_2
D:3:      kennysheep_goblin_castle, nicolae_underground_beach
D:4:      old_standard_altar, grunt_qazlal_sundering, first_bread,
          roderic_roman_lattice, uniq_natasha, uniq_eustachio
D:5:      minmay_temple_entry_statues_pillars, uniq_menkaure,
          uniq_prince_ribbit1, uniq_sigmund, uniq_blork_the_orc
